 Dungeon Crawl Stone Soup version 0.28-a0-909-g796cbd3a86 (webtiles) character file.

Game seed: 13890746098255260933

908 mainiacjoe the Skirmisher (level 8, -9/61 HPs)
             Began as a Djinni Fire Elementalist on Nov 25, 2021.
             Was an Initiate of Makhleb.
             Killed from afar by a gargoyle (22 damage)
             ... with a stone arrow
             ... on level 8 of the Dungeon.
             The game lasted 00:16:10 (5081 turns).

mainiacjoe the Skirmisher (DjFE)                    Turns: 5081, Time: 00:16:12

Health: -9/61      AC:  3    Str:  7    XL:     8   Next: 29%
Gold:   178        EV: 15    Int: 19    God:    Makhleb [......] SH:  5 Dex: 14

rFire   + + .      SeeInvis .   a - +1 whip (venom)
rCold   x . .      Faith    .   e - +0 buckler
rNeg    . . .      Spirit   .   k - +0 leather armour
rPois   ∞          Reflect  .   (no helmet)
rElec   .          Harm     .   (no cloak)
rCorr   .          Rampage  .   (no gloves)
Will    .....                   (boots unavailable)
Stlth   ++........              x - amulet of the acrobat
HPRegen 0.20/turn               v - +4 ring of evasion
MPRegen 0.00/turn               (no ring)

@: flying, very slightly contaminated
A: sickness immunity, fire resistance 2, cold vulnerability 1, float, innate
caster, hp casting, extra vitality 1
a: Renounce Religion


You were on level 8 of the Dungeon.
You worshipped Makhleb.
Makhleb was noncommittal.
You visited 2 branches of the dungeon, and saw 7 of its levels.

You collected 178 gold pieces.

Inventory:

Hand Weapons
 a - a +1 whip of venom (weapon)
 b - a +0 hunting sling
 f - a +0 whip
 w - a +0 trident
Missiles
 c - 21 sling bullets
 d - 121 stones
 i - 29 poisoned darts (quivered)
 s - 21 arrows
Armour
 e - a +0 buckler (worn)
 g - a +0 robe
 k - a +0 leather armour (worn)
Jewellery
 v - a +4 ring of evasion (left hand)
 x - an amulet of the acrobat (around neck)
Wands
 n - a wand of polymorph (13)
 o - a wand of digging (5)
Scrolls
 h - a scroll of fear
 j - a scroll of teleportation
 m - a scroll of fog
 q - 3 scrolls of identify
 r - a scroll of brand weapon {unknown}
 y - a scroll of enchant weapon {unknown}
Potions
 l - a potion of heal wounds
 p - 2 potions of curing
 t - a potion of mutation
 u - a potion of magic {unknown}


   Skills:
 + Level 5.7 Fighting
 - Level 2.1 Dodging
 - Level 1.5 Stealth
 - Level 4.0 Shields
 + Level 4.6 Spellcasting


You couldn't memorise any spells.
You knew the following spells:

 Your Spells              Type           Power      Damage    Failure   Level
a - Foxfire               Conj/Fire      84%        2x1d8     3%          1
b - Scorch                Fire           42%        2d7       4%          2
c - Conjure Flame         Conj/Fire      21%        6-21      9%          3
d - Inner Flame           Hex/Fire       21%        N/A       9%          3
e - Flame Wave            Conj/Fire      21%        3d6       28%         4
f - Summon Small Mammal   Summ           84%        N/A       3%          1
g - Call Imp              Summ           21%        N/A       4%          2
h - Vampiric Draining     Necr           21%        2d7       9%          3
Your spell library was empty.

Dungeon Overview and Level Annotations

Branches:
Dungeon (5/15)             Temple (1/1) D:5

Altars:
Dithmenos
Elyvilon
Fedhas
Hepliaklqana
Kikubaaqudgha
Makhleb
Nemelex Xobeh
Qazlal
Ru
Sif Muna
Trog
Uskayaw
Vehumet
Wu Jian
Xom
Yredelemnul
Zin
The Shining One


Innate Abilities, Weirdness & Mutations

You are immune to sickness and miasma.
You are immune to poison.
Your flesh is very heat resistant. (rF++)
You are vulnerable to cold. (rC-)
You float through the air rather than walking.
You learn spells naturally, not from books.
Your magical power is your life essence.
You have superior vitality. (+4 HP)


Message History

Your crimson imp barely misses the gargoyle.
Casting: Foxfire (safe; 3% risk of failure)
Confirm with . or Enter, or press ? or * to list all spells.
You conjure some foxfire!
The gargoyle is no longer more vulnerable to fire.
The foxfire hits the gargoyle but does no damage.
The gargoyle is severely damaged.
The foxfire hits the gargoyle but does no damage.
The gargoyle is severely damaged.
The gargoyle hurls a stone arrow at you.
The stone arrow hits your crimson imp!!
Your crimson imp dies!
Your crimson imp disappears in a puff of smoke!
Casting: Foxfire (safe; 3% risk of failure)
Confirm with . or Enter, or press ? or * to list all spells.
You conjure some foxfire!
The foxfire hits the gargoyle but does no damage.
The gargoyle is severely damaged.
The foxfire hits the gargoyle.
The gargoyle is severely damaged.
A kobold comes into view. It is wielding a +0 dagger.
Casting: Foxfire (safe; 3% risk of failure)
Confirm with . or Enter, or press ? or * to list all spells.
You miscast Call Imp.
You are very lightly contaminated with residual magic.
Nothing appears to happen.
The foxfire hits the gargoyle but does no damage.
The gargoyle is severely damaged.
The foxfire hits the gargoyle.
The gargoyle is severely damaged.
The gargoyle hurls a stone arrow at you.
The stone arrow hits you!
* * * LOW HITPOINT WARNING * * *
Casting: Call Imp (safe; 4% risk of failure)
Confirm with . or Enter, or press ? or * to list all spells.
Flames lash the gargoyle but do no damage.
* * * LOW HITPOINT WARNING * * *
The gargoyle hurls a stone arrow at you.
The stone arrow hits you!!
You die...

##..#.).##
#≈≈...........######
##≈...#.. ....... ..#
#..#..#K≈ .....# #.#
.)...#.# #...# #.# #...#.#
#...# #.#
#...#.#####...###.##
>.#####...#...........)>.#
.[.......9.@§.#.>..####..###
#.........#§#.#.##.# #.....
#######..##.#.#.##.# #.####
#..##.#.#.##.# #.#
....##.#.#.##.# #.#
####.......)...# #.#
####......... ..# ### ###


You could see a gargoyle and a kobold.

Vanquished Creatures
  Pikel (D:5)
  A necrophage (D:5)
  3 hounds
  A jelly (D:4)
  Jessica (D:2)
  3 orc wizards
  A killer bee zombie (D:8)
  5 adders
  An ufetubus (D:4)
  A worm (D:2)
  A dart slug (D:3)
  4 orcs
  7 ball pythons
  A giant cockroach (D:3)
  5 goblins
  4 hobgoblins
  5 kobolds
  3 quokkas
  4 bats
  7 frilled lizards
  6 rats
65 creatures vanquished.

Vanquished Creatures (collateral kills)
  An orc (D:4)
  A frilled lizard (D:3)
2 creatures vanquished.

Vanquished Creatures (others)
  142 foxfires
142 creatures vanquished.

Grand Total: 209 creatures vanquished

Notes
Turn   | Place    | Note
-------+----------+-------------------------------------------
     0 | D:1      | mainiacjoe the Djinni Fire Elementalist began the quest for
                  | the Orb.
     0 | D:1      | Reached XP level 1. HP: 15/15 MP: 0/0
   301 | D:1      | Reached XP level 2. HP: 11/22 MP: 0/0
   964 | D:1      | Reached skill level 1 in Shields
   978 | D:1      | Reached skill level 1 in Fighting
  1416 | D:2      | Reached XP level 3. HP: 27/27 MP: 0/0
  1416 | D:2      | Learned a level 1 spell: Summon Small Mammal
  1516 | D:2      | Noticed Jessica
  1522 | D:2      | Killed Jessica
  1523 | D:2      | Reached XP level 4. HP: 29/32 MP: 0/0
  1962 | D:2      | Reached skill level 2 in Fighting
  2241 | D:3      | Found a faded altar of an unknown god.
  2376 | D:3      | Reached XP level 5. HP: 33/38 MP: 0/0
  2376 | D:3      | Learned a level 2 spell: Call Imp
  3426 | D:4      | Reached XP level 6. HP: 41/45 MP: 0/0
  3554 | D:4      | Reached skill level 3 in Fighting
  4180 | D:5      | Entered Level 5 of the Dungeon
  4220 | D:5      | Found a staircase to the Ecumenical Temple.
  4229 | Temple   | Entered the Ecumenical Temple
  4406 | Temple   | Became a worshipper of Makhleb the Destroyer
  4591 | D:5      | Noticed a necrophage
  4598 | D:5      | Killed a necrophage
  4599 | D:5      | Reached XP level 7. HP: 41/51 MP: 0/0
  4599 | D:5      | Learned a level 3 spell: Vampiric Draining
  4714 | D:5      | Noticed Pikel
  4735 | D:5      | Killed Pikel
  4736 | D:5      | Reached skill level 5 in Fighting
  4736 | D:5      | Reached XP level 8. HP: 46/61 MP: 0/0
  4981 | D:5      | You are sucked into a shaft and drop 3 floors!
  5062 | D:8      | Noticed a gargoyle
  5081 | D:8      | Killed from afar by a gargoyle

Illustrated notes

Levels and vault maps discovered:
D:1:      amcnicky_arrival_blooded_trapdoor, layout_basic
D:2:      layout_loops_ring, uniq_jessica
D:3:      layout_rooms, lemuel_tele_altar, basic_ecumenical_altar
D:4:      layout_basic
D:5:      layout_basic, minmay_temple_entry_mini_moons,
          amcnicky_mini_pool_small, uniq_pikel
D:8:      black_bear_nest_2, layout_loops_ring, chequers_serial_rivers_small_b
Temple:   minmay_crystal_spiral_temple

Skill      XL: |  1  2  3  4  5  6  7 |
---------------+----------------------+-----
Shields        | 1 2 3 4 |  4.0
Fighting       | 1 2 3 5 |  5.7
Spellcasting   | 3 4 |  4.6
Dodging        | |  2.1
Stealth        | |  1.5

Action                   |  1- 3 |  4- 6 |  7- 9 || total
-------------------------+-------+-------+-------++-------
Melee: Whip              |     8 |     2 |       ||    10
 Fire: Hunting sling     |    24 |    28 |       ||    52
Throw: Stone             |     4 |       |       ||     4
       Dart              |     1 |       |       ||     1
 Cast: Foxfire           |    18 |    55 |     8 ||    81
       Scorch            |     5 |    22 |    13 ||    40
       Summon Small Mamm |       |    14 |     5 ||    19
       Call Imp          |       |     3 |     3 ||     6
       Conjure Flame     |       |       |     1 ||     1
  Use: Scroll            |     1 |    10 |       ||    11
Armor: Leather armour    |     6 |     8 |       ||    14
Dodge: Dodged            |    20 |    10 |     2 ||    32
Block: Buckler           |     8 |     1 |     1 ||    10

Table legend: (Time is in decaauts)
 A = Elapsed time spent in this place.
 B = Non-inter-level travel time spent in this place.
 C = Inter-level travel time spent in this place.
 D = Time resting spent in this place.
 E = Time spent auto-exploring this place.
 F = Levels seen in this place.
 G = Mean time per level.
                   A        B        C        D        E       F      G
               +--------+--------+--------+--------+--------+-----+--------+
         Total |   5091 |   4905 |    186 |    462 |   3621 |   7 |  727.3 |
       Dungeon |   4876 |   4777 |     99 |    462 |   3510 |   6 |  812.7 |
        Temple |    215 |    128 |     87 |      0 |    111 |   1 |  215.0 |
               +--------+--------+--------+--------+--------+-----+--------+

Top non-repeatable levels by time:
     D:1: 1244 daAuts
     D:4: 1231 daAuts
     D:2: 1059 daAuts
     D:3: 655 daAuts
     D:5: 585 daAuts
  Temple: 215 daAuts
     D:8: 99 daAuts
